 Dungeon Crawl Stone Soup version 0.29-a0-490-g77b3608bb8 (webtiles) character file.

Game seed: 653606258130441266

586 croobank the Covert (level 7, -3/48 HPs)
             Began as a Gnoll Delver on May 26, 2022.
             Was an Initiate of Gozag.
             Slain by an orc warrior
             ... wielding a +0 short sword
              (13 damage)
             ... on level 4 of the Dungeon.
             The game lasted 00:15:54 (5403 turns).

croobank the Covert (Gnoll Delver)                  Turns: 5403, Time: 00:15:55

Health: -3/48      AC:  9    Str: 11    XL:     7   Next: 37%
Magic:  10/10      EV: 12    Int: 11    God:    Gozag
Gold:   187        SH:  0    Dex: 14    Spells: 8/10 levels left

rFire   . . .      SeeInvis .   q - +0 war axe
rCold   . . .      Faith    .   (no shield)
rNeg    . . .      Spirit   .   l - +0 ring mail
rPois   +          Reflect  .   p - +1 hat
rElec   .          Harm     .   j - +0 cloak
rCorr   .          Rampage  .   (no gloves)
Will    +....                   u - +1 pair of boots
Stlth   ++++......              (no amulet)
HPRegen 0.16/turn               h - ring of poison resistance
MPRegen 0.12/turn               o - ring of willpower

@: no status effects
A: fangs 1, strong nose, distributed training, frail 2, poison resistance
a: Renounce Religion, Potion Petition, Call Merchant, Bribe Branch


You were on level 4 of the Dungeon.
You worshipped Gozag.
Gozag was aware of your devotion.
You visited 1 branch of the dungeon, and saw 5 of its levels.

You collected 254 gold pieces.
You paid 67 gold pieces to Gozag.

Inventory:

Hand Weapons
 a - a +1 dagger
 b - a +0 hunting sling
 k - a +0 hand axe
 q - a +0 war axe (weapon)
 s - a +0 trident
Armour
 f - a +0 leather armour
 j - a +0 cloak (worn)
 l - a +0 ring mail (worn)
 p - a +1 hat (worn)
 r - a +0 chain mail
 u - a +1 pair of boots (worn)
Magical Staves
 v - a staff of conjuration
Jewellery
 h - a ring of poison resistance (left hand)
 o - a ring of willpower (right hand)
Wands
 g - a wand of digging (3)
Scrolls
 c - 4 scrolls of fog
 d - a scroll of magic mapping
 e - a scroll of fear
 i - 2 scrolls of blinking
Potions
 m - 2 potions of ambrosia
 t - a potion of curing


   Skills:
 + Level 7.0 Fighting
 + Level 2.4 Short Blades
 + Level 2.4 Long Blades
 + Level 5.2 Axes
 + Level 2.4 Maces & Flails
 + Level 2.4 Polearms
 + Level 2.4 Staves
 + Level 2.4 Slings
 + Level 2.4 Bows
 + Level 2.4 Crossbows
 + Level 2.4 Throwing
 + Level 2.4 Armour
 + Level 5.2 Dodging
 + Level 9.9 Stealth
 + Level 2.4 Shields
 + Level 2.4 Unarmed Combat
 + Level 2.4 Spellcasting
 + Level 2.0 Conjurations
 + Level 2.0 Hexes
 + Level 2.0 Summonings
 + Level 2.0 Necromancy
 + Level 2.0 Translocations
 + Level 2.0 Transmutations
 + Level 2.0 Fire Magic
 + Level 2.0 Ice Magic
 + Level 2.0 Air Magic
 + Level 2.0 Earth Magic
 + Level 2.0 Poison Magic
 + Level 2.7 Invocations
 + Level 2.4 Evocations


You had 8 spell levels left.
You knew the following spells:

 Your Spells              Type           Power      Damage    Failure   Level
a - Poisonous Vapours     Pois/Air       10%        N/A       41%         2

Your spell library contained the following spells:

 Spells                   Type           Power      Damage    Failure   Level
 Borgnjor's Vile Clutch   Necr/Erth      2%         N/A       100%        5


Dungeon Overview and Level Annotations

Branches:
Dungeon (5/15)
 Temple: D:4-7

Altars:
Fedhas
Gozag
Hepliaklqana
Kikubaaqudgha
Uskayaw
Vehumet

Shops:
D:5 (

Annotations:
D:2 Sigmund


Innate Abilities, Weirdness & Mutations

You have very sharp teeth.
Your uncanny sense of smell can sniff out nearby items.
Your experience applies equally to all skills.
You are very frail. (-20% HP)
Your system is resistant to poisons. (rPois)


Message History

The orc warrior hits you with a +0 short sword.
The orc hits you with a +0 club. The orc warrior barely misses you.
The orc closely misses you.
You hit the orc warrior.
The orc warrior is lightly wounded.
You closely miss the orc. The orc warrior completely misses you.
The orc barely misses you.
You hit the orc warrior.
You bite the orc warrior, but do no damage.
The orc warrior is moderately wounded.
You hit the orc.
You kill the orc!
The orc warrior hits you but does no damage.
You hit the orc warrior. Your bite misses the orc warrior.
The orc warrior is heavily wounded.
The orc warrior completely misses you.
You hit the orc warrior.
The orc warrior is heavily wounded.
The orc warrior hits you with a +0 short sword.
The orc warrior barely misses you.
You hit the orc warrior.
The orc warrior is severely wounded.
The orc warrior closely misses you.
You barely miss the orc warrior.
The orc warrior is severely wounded.
The orc warrior hits you but does no damage.
You hit the orc warrior.
You bite the orc warrior, but do no damage.
The orc warrior is severely wounded.
The orc warrior hits you with a +0 short sword!
You barely miss the orc warrior. Your bite misses the orc warrior.
The orc warrior is severely wounded.
The orc warrior hits you with a +0 short sword!
* * * LOW HITPOINT WARNING * * *
The orc warrior barely misses you.
You hit the orc warrior.
The orc warrior is severely wounded.
The orc warrior hits you with a +0 short sword!
You die...
Your body crumbles into a pile of gold.

..#.......#
######...##
.........#
######...#
######...#####
..#..........#
#.#..........#
####.........#####
..P#...........$@#
P_P#.........###o#
PP.########### #.#
#### #.# ..## #.#
...# ######### #.#
...# #.......# #.#
#..# #.......# #.#
#.## #.......# #.#


You could see an orc warrior.

Vanquished Creatures
  An ogre (D:4)
  A phantom (D:4)
  The ghost of bwicke the Sneak, an amateur OpVM (D:4)
  A scorpion (D:5)
  Jessica (D:2)
  3 iguanas
  2 orc wizards
  4 adders
  A white imp (D:5)
  A worm (D:4)
  3 dart slugs
  9 orcs
  7 ball pythons
  5 endoplasms
  2 giant cockroaches
  12 goblins
  7 hobgoblins
  3 jackals (D:2)
  5 quokkas
  5 bats
  5 frilled lizards
  8 kobolds
  5 rats
92 creatures vanquished.

Vanquished Creatures (others)
  3 fungi (D:1)
  6 plants
9 creatures vanquished.

Grand Total: 101 creatures vanquished

Notes
Turn   | Place    | Note
-------+----------+-------------------------------------------
     0 | D:5      | Reached skill level 9 in Stealth
     0 | D:5      | croobank the Gnoll Delver began the quest for the Orb.
     0 | D:5      | Reached XP level 1. HP: 23/23 MP: 1/1
    24 | D:5      | Noticed a black bear
    35 | D:5      | Found Urghafuez's Weapon Shoppe.
   274 | D:2      | Noticed Sigmund
   336 | D:2      | Got the Tome of Weightlessness and the Rocks
   369 | D:1      | Reached XP level 2. HP: 23/29 MP: 2/2
   855 | D:1      | Reached XP level 3. HP: 29/35 MP: 3/3
   869 | D:1      | Learned a level 2 spell: Poisonous Vapours
  1373 | D:1      | Reached skill level 1 in Invocations
  1389 | D:1      | Found a faded altar of an unknown god.
  2090 | D:2      | Reached skill level 1 in Short Blades
  2090 | D:2      | Reached skill level 1 in Long Blades
  2090 | D:2      | Reached skill level 1 in Maces & Flails
  2090 | D:2      | Reached skill level 1 in Polearms
  2090 | D:2      | Reached skill level 1 in Staves
  2090 | D:2      | Reached skill level 1 in Slings
  2090 | D:2      | Reached skill level 1 in Bows
  2090 | D:2      | Reached skill level 1 in Crossbows
  2090 | D:2      | Reached skill level 1 in Throwing
  2090 | D:2      | Reached skill level 1 in Armour
  2090 | D:2      | Reached skill level 1 in Shields
  2090 | D:2      | Reached skill level 1 in Unarmed Combat
  2090 | D:2      | Reached skill level 1 in Spellcasting
  2090 | D:2      | Reached skill level 1 in Evocations
  2248 | D:2      | Noticed Jessica
  2251 | D:2      | Killed Jessica
  2252 | D:2      | Reached XP level 4. HP: 41/41 MP: 5/5
  2759 | D:3      | Reached skill level 1 in Conjurations
  2759 | D:3      | Reached skill level 1 in Hexes
  2759 | D:3      | Reached skill level 1 in Summonings
  2759 | D:3      | Reached skill level 1 in Necromancy
  2759 | D:3      | Reached skill level 1 in Translocations
  2759 | D:3      | Reached skill level 1 in Transmutations
  2759 | D:3      | Reached skill level 1 in Fire Magic
  2759 | D:3      | Reached skill level 1 in Ice Magic
  2759 | D:3      | Reached skill level 1 in Air Magic
  2759 | D:3      | Reached skill level 1 in Earth Magic
  2759 | D:3      | Reached skill level 1 in Poison Magic
  3139 | D:3      | Noticed an ogre
  3144 | D:3      | Gained mutation: You are frail. (-10% HP) [potion of
                  | mutation]
  3144 | D:3      | Gained mutation: You are very frail. (-20% HP) [potion of
                  | mutation]
  3144 | D:3      | Gained mutation: Your system is resistant to poisons.
                  | (rPois) [potion of mutation]
  3209 | D:4      | Noticed a phantom
  3337 | D:3      | Reached XP level 5. HP: 37/37 MP: 6/6
  3457 | D:4      | Killed a phantom
  3611 | D:4      | Noticed an ogre
  3631 | D:4      | Killed an ogre
  3632 | D:4      | Reached XP level 6. HP: 42/42 MP: 8/8
  3637 | D:4      | Found an ancient bone altar of Kikubaaqudgha.
  3637 | D:4      | Found a blossoming altar of Fedhas.
  3692 | D:4      | Found a radiant altar of Vehumet.
  3750 | D:4      | Reached skill level 5 in Axes
  3750 | D:4      | Reached skill level 5 in Dodging
  4027 | D:4      | Found an opulent altar of Gozag.
  4033 | D:4      | Found a hazy altar of Hepliaklqana.
  4035 | D:4      | Became a worshipper of Gozag Ym Sagoz the Greedy
  4041 | D:4      | Found a hide-covered altar of Uskayaw.
  4345 | D:4      | Found a runed translucent gate.
  4345 | D:4      | Found a runed translucent gate.
  4345 | D:4      | Found a runed translucent gate.
  4345 | D:4      | Noticed bwicke's ghost (amateur OpVM)
  4359 | D:4      | Killed bwicke's ghost
  4522 | D:4      | Reached XP level 7. HP: 9/47 MP: 10/10
  5403 | D:4      | Slain by an orc warrior

Illustrated notes

Levels and vault maps discovered:
D:1:      onia_arrival_mini_maze_b, layout_loops_ring,
          shapermc_ecumenical_altar_mp_urbaneastern, palyth_stone_intersect,
          chequers_decorated_corner, serial_park_tiny_2
D:2:      layout_loops_corners, uniq_jessica, uniq_sigmund
D:3:      layout_basic, serial_aquarium, aquarium_bridge_square
          [aquarium_subvault_window, aquarium_subvault_bridge,
          aquarium_subvault_bridge, aquarium_subvault_bridge],
          aquarium_bridge_square [aquarium_subvault_wall,
          aquarium_subvault_bridge, aquarium_subvault_bridge,
          aquarium_subvault_wall], aquarium_window_3, aquarium_window_1,
          aquarium_view_2b, aquarium_view_2c, uniq_crazy_yiuf_cottage
D:4:      layout_basic, grunt_temple_overflow_growth_and_decay,
          nicolae_vehumet_radiance, minitemple, ebering_ghost_rock_garden,
          hex_large, hangedman_abyss_or_decor_stagger,
          hangedman_decor_clover_reticule
D:5:      layout_rooms, serial_shops, shop, nicolae_shop_advertising_works
          [nicolae_subvault_shop_adworks], skrybe_limestone_x

Skill      XL: |  1  2  3  4  5  6  7 |
---------------+----------------------+-----
Stealth        | |  9.9
Invocations    | 1 2 |  2.7
Short Blades   | 1 2 |  2.4
Long Blades    | 1 2 |  2.4
Maces & Flails | 1 2 |  2.4
Polearms       | 1 2 |  2.4
Staves         | 1 2 |  2.4
Slings         | 1 2 |  2.4
Bows           | 1 2 |  2.4
Crossbows      | 1 2 |  2.4
Throwing       | 1 2 |  2.4
Armour         | 1 2 |  2.4
Shields        | 1 2 |  2.4
Unarmed Combat | 1 2 |  2.4
Spellcasting   | 1 2 |  2.4
Evocations     | 1 2 |  2.4
Conjurations   | 1 2 |  2.0
Hexes          | 1 2 |  2.0
Summonings     | 1 2 |  2.0
Necromancy     | 1 2 |  2.0
Translocations | 1 2 |  2.0
Transmutations | 1 2 |  2.0
Fire Magic     | 1 2 |  2.0
Ice Magic      | 1 2 |  2.0
Air Magic      | 1 2 |  2.0
Earth Magic    | 1 2 |  2.0
Poison Magic   | 1 2 |  2.0
Axes           | 5 |  5.2
Dodging        | 5 |  5.2
Fighting       | 7 |  7.0

Action                   |  1- 3 |  4- 6 |  7- 9 || total
-------------------------+-------+-------+-------++-------
Melee: Hand axe          |    40 |       |       ||    40
       Dagger            |   118 |   220 |     6 ||   344
       Bite              |    11 |    19 |     9 ||    39
       Punch             |     1 |     4 |     1 ||     6
       War axe           |       |       |    61 ||    61
  Use: Potion            |       |    11 |       ||    11
       Scroll            |       |     6 |       ||     6
 Stab: Sleeping          |    15 |    11 |     2 ||    28
       Distracted        |     1 |     1 |     1 ||     3
Armor: Leather armour    |    25 |    20 |       ||    45
       Ring mail         |       |    64 |    25 ||    89
Dodge: Dodged            |    91 |   103 |    42 ||   236

Table legend: (Time is in decaauts)
 A = Elapsed time spent in this place.
 B = Non-inter-level travel time spent in this place.
 C = Inter-level travel time spent in this place.
 D = Time resting spent in this place.
 E = Time spent auto-exploring this place.
 F = Levels seen in this place.
 G = Mean time per level.
                   A        B        C        D        E       F      G
               +--------+--------+--------+--------+--------+-----+--------+
         Total |   5395 |   5303 |     92 |   1387 |   2328 |   5 | 1079.0 |
       Dungeon |   5395 |   5303 |     92 |   1387 |   2328 |   5 | 1079.0 |
               +--------+--------+--------+--------+--------+-----+--------+

Top non-repeatable levels by time:
     D:4: 1789 daAuts
     D:1: 1664 daAuts
     D:2: 952 daAuts
     D:3: 668 daAuts
     D:5: 320 daAuts
